 Dungeon Crawl Stone Soup version 0.22.0 (webtiles) character file.

70 sighowe the Gusty (level 4, -17/27 HPs)
             Began as a Halfling Air Elementalist on Aug 11, 2018.
             Was an Initiate of Zin.
             Demolished by a small abomination (20 damage)
             ... on level 2 of the Abyss.
             The game lasted 00:11:28 (2613 turns).

sighowe the Gusty (Halfling Air Elementalist)       Turns: 2613, Time: 00:11:29

Health: -17/27     AC:  2    Str:  9    XL:     4   Next: 44%
Magic:  7/7        EV: 15    Int: 19    God:    Zin [......]
Gold:   52         SH:  0    Dex: 14    Spells: 4/7 levels left

rFire    . . .     SeeInvis .   b - +0 short sword
rCold    . . .     Gourm    .   (shield restricted)
rNeg     . . .     Faith    .   k - +0 robe (curse)
rPois    .         Spirit   .   (no helmet)
rElec    .         Reflect  .   d - scarf {repulsion}
rCorr    .         Harm     .   (no gloves)
MR       .....                  (no boots)
Stlth    ++........             (no amulet)
HPRegen  0.09/turn              (no ring)
MPRegen  0.10/turn              h - ring of flight

@: brilliant, repel missiles
A: small, mutation resistance 1
a: Donate Gold, Renounce Religion, Evoke Flight


You were on level 2 of the Abyss.
You worshipped Zin.
Zin was noncommittal.
You were not hungry.

You visited 1 branch of the dungeon, and saw 2 of its levels.
You visited the Abyss 1 time.

You collected 83 gold pieces.
You donated 31 gold pieces to Zin.

Inventory:

Hand Weapons
 b - a +0 short sword (weapon)
Missiles
 f - 51 arrows
Armour
 a - a +0 robe
 d - a scarf of repulsion (worn)
 g - a +2 cloak
 k - a cursed +0 robe (worn)
Jewellery
 h - a ring of flight (right hand)
Wands
 e - a wand of flame (16)
Scrolls
 n - 3 scrolls of identify
Potions
 i - a potion of flight
Comestibles
 c - 2 rations


   Skills:
 + Level 0.4 Fighting
 + Level 2.4 Dodging
 + Level 2.9 Stealth
 + Level 2.2 Spellcasting
 + Level 1.1 Conjurations
 + Level 3.5 Air Magic


You had 4 spell levels left.
You knew the following spells:

 Your Spells              Type           Power        Failure   Level  Hunger
a - Shock                 Conj/Air       ###.         1%          1    #......
b - Swiftness             Chrm/Air       ###.....     1%          2    ##.....

Your spell library contained the following spells:

 Spells                   Type           Power        Failure   Level  Hunger
 Lightning Bolt           Conj/Air       ###.......   17%         5    ######.
 Airstrike                Air            ####......   4%          4    #####..
 Static Discharge         Conj/Air       ###.....     2%          3    ###....


Dungeon Overview and Level Annotations

Branches:
Dungeon (2/15)

Altars:
Zin

Annotations:
D:2 Crazy Yiuf


Innate Abilities, Weirdness & Mutations

You are small and have problems with some larger weapons.
You are somewhat resistant to further mutation.


Message History

The small abomination completely misses you.
That item cannot be evoked!
Okay, then.
Aiming: Throw Flame
Press: ? - help, Shift-Dir - straight line, f/p - small abomination
Aim: a small abomination (lightly damaged)
The puff of flame hits the small abomination.
The small abomination is moderately damaged.
The small abomination barely misses you.
Okay, then.
You feel clever all of a sudden.
The small abomination closely misses you.
You hit the small abomination.
The small abomination is heavily damaged.
The small abomination misses you.
You completely miss the small abomination.
The small abomination is heavily damaged.
The small abomination hits you!!
Ouch! That really hurt!
You die...

#. . ..'
#. ... .#♣
. #..♣# ##
♣ ##..♣
###...#
###..#.#.#
#.5.....
##x#.#...#
#@#####..
### .## .


You could see a small abomination and an iron imp.

Vanquished Creatures
  Jessica (D:2)
  An adder (D:2)
  2 oozes
  2 bats (D:2)
  A giant cockroach (D:1)
  2 goblins
  7 hobgoblins
  3 jackals (D:2)
  2 frilled lizards (D:1)
  2 kobolds
  3 rats
26 creatures vanquished.

Notes
Turn   | Place    | Note
-------+----------+-------------------------------------------
     0 | D:1      | sighowe the Halfling Air Elementalist began the quest for the Orb.
     0 | D:1      | Reached XP level 1. HP: 11/11 MP: 3/3
   577 | D:1      | Reached XP level 2. HP: 17/17 MP: 2/4
   816 | D:1      | Learned a level 2 spell: Swiftness
   875 | D:1      | Reached skill level 1 in Conjurations
  1145 | D:2      | Reached XP level 3. HP: 19/21 MP: 0/5
  1293 | D:2      | Found a glowing silver altar of Zin.
  1301 | D:2      | Became a worshipper of Zin the Law-Giver
  1303 | D:2      | Donated 23 gold pieces to Zin
  1368 | D:2      | Found a runed door.
  2352 | D:2      | Noticed Jessica
  2361 | D:2      | Killed Jessica
  2361 | D:2      | Reached XP level 4. HP: 26/27 MP: 3/7
  2471 | D:2      | Noticed Crazy Yiuf
  2479 | D:2      | Cast into level 2 of the Abyss (Crazy Yiuf)
  2587 | Abyss:2  | Noticed a smoke demon
  2596 | Abyss:2  | Noticed a small abomination
  2613 | Abyss:2  | Demolished by a small abomination

Skill      XL: |  1  2  3 |
---------------+----------+-----
Conjurations   | 1 |  1.1
Spellcasting   | 2 |  2.2
Fighting       | |  0.4
Dodging        | |  2.4
Stealth        | |  2.9
Air Magic      | |  3.5

Action                   |  1- 3 |  4- 6 || total
-------------------------+-------+-------++-------
Melee: Short sword       |    47 |     5 ||    52
 Cast: Shock             |    38 |     5 ||    43
Invok: Donate Gold       |     1 |     1 ||     2
Evoke: Wand              |       |     2 ||     2
  Use: Potion            |     7 |     1 ||     8
       Scroll            |     4 |       ||     4
 Stab: Sleeping          |     1 |       ||     1
  Eat: Chunk             |     3 |       ||     3
       Ration            |     1 |       ||     1
Armor: Robe              |    14 |       ||    14
Dodge: Dodged            |    57 |     5 ||    62
